 Dungeon Crawl Stone Soup version 0.13-a0-2156-ga9a2eb8 (webtiles) character file.

5672 Grabo the Cleaver (level 10, -2/89 HPs)
             Began as a Lava Orc Berserker on June 30, 2013.
             Was a High Priest of Trog.
             Slain by a gnoll
             ... wielding a +0,+0 halberd
              (7 damage)
             ... on Level 8 of the Dungeon.
             The game lasted 00:19:08 (5969 turns).

Grabo the Cleaver (Lava Orc Berserker)              Turns: 5969, Time: 00:19:09

HP  -2/89        AC 10     Str 25      XL: 10   Next: 40%
MP   6/6         EV  9     Int  7      God: Trog [*****.]
Gold 242         SH  0     Dex 13      Spells:  0 memorised,  9 levels left

Res.Fire  : + + +   See Invis. : .   H - +2,+5 orc battleaxe (antimagic)
Res.Cold  : x . .   Warding    : .   d - +0 scale mail of a volcano {Str+4 Stlth+}
Life Prot.: . . .   Conserve   : .   (no shield)
Res.Poison: .       Res.Corr.  : .   s - +0 helmet
Res.Elec. : .       Clarity    : .   t - +2 dwarf cloak
Sust.Abil.: . .     Spirit.Shd : .   (no gloves)
Res.Mut.  : .       Stasis     : .   (no boots)
Res.Rott. : .       Flight     : .   l - amulet of faith
Saprovore : + . .                    r - cursed ring of magical power
                                     m - +4,+5 ring of slaying

@: somewhat resistant to hostile enchantments, extremely unstealthy
A: conserve scrolls, saprovore 1
a: Burn Spellbooks, Berserk, Trog's Hand, Brothers in Arms, Renounce Religion


You were on level 8 of the Dungeon.
You worshipped Trog.
Trog was exalted by your worship.
You were hungry.

You visited 1 branch of the dungeon, and saw 8 of its levels.

You collected 344 gold pieces.
You spent 122 gold pieces at shops.

Inventory:

Hand weapons
 H - a +2,+5 orcish anti-magic battleaxe (weapon)
Missiles
 k - 4 javelins (quivered)
Armour
 d - the cursed +0 scale mail of a volcano (worn) {Str+4 Stlth+}
   (You found it on level 5 of the Dungeon)

   It affects your strength (+4).
   It makes you much more stealthy.
   It has a curse placed upon it.
 s - a +0 helmet (worn)
 t - a +2 dwarven cloak (worn)
Magical devices
 h - a wand of digging (2)
 i - a wand of slowing (6)
Comestibles
 c - 5 meat rations
 u - 6 bread rations
 E - a choko
 I - a honeycomb
 K - a rotting chunk of quokka flesh
Scrolls
 b - 3 scrolls of enchant weapon I
 e - 3 scrolls of teleportation
 j - 9 scrolls of identify
 o - 2 scrolls of curse jewellery
 p - a scroll of noise
 v - a scroll of immolation {unknown}
 y - 2 scrolls of fear {unknown}
 z - a scroll of blinking
 A - a scroll of fog {unknown}
 F - a scroll of enchant armour
Jewellery
 l - an amulet of faith (around neck)
 m - a +4,+5 ring of slaying (left hand)
 r - a cursed ring of magical power (right hand)
 x - a +2 ring of protection
Potions
 f - 2 potions of speed
 g - 4 potions of restore abilities
 n - 7 potions of curing
 q - a potion of brilliance
 w - a potion of agility
 B - a potion of degeneration {unknown}
 C - 2 potions of poison {unknown}
 D - a potion of mutation {unknown}
 J - a potion of heal wounds {unknown}


   Skills:
 + Level 10.6 Fighting
 + Level 14.5 Axes
 - Level 2.1 Armour
 - Level 1.5 Dodging


You had 9 spell levels left.
You didn't know any spells.

Dungeon Overview and Level Annotations

Branches:
Dungeon (8/27)             Temple (0/1) D:7            Lair (0/8) D:8
    Orc: D:6-11

Altars:
Cheibriados
Elyvilon
Fedhas
Nemelex Xobeh
Sif Muna
Vehumet
Zin

Shops:
D:4: * D:7: }


Innate Abilities, Weirdness & Mutations

You have stony skin.
You cover ground slowly.
Your flesh is almost immune to the effects of heat.
Your fire spells are more powerful.
Your flesh is vulnerable to cold.
Your heat harms attackers.
You bathe your surroundings in blazing heat.
You are too hot to use scrolls.
You are very good at protecting items from fire.
You can tolerate rotten meat.


Message History

The gnoll closely misses you. The gnoll hits you with a halberd!
* * * LOW HITPOINT WARNING * * *
The gnoll is singed by your heat.
The gnoll is lightly wounded.
The gnoll misses you.
You slice the gnoll!!
You kill the gnoll!
Trog accepts your kill.
You're cooling off.
The gnoll hits you with a halberd.
* * * LOW HITPOINT WARNING * * *
Things that are here:
a halberd; a gnoll corpse You closely miss the gnoll.
The gnoll hits you but does no damage.
You closely miss the gnoll. The gnoll hits you with a halberd!
* * * LOW HITPOINT WARNING * * *
You closely miss the gnoll. You barely miss the gnoll.
The gnoll hits you with a halberd!
You die...

.....#....##.#.##.#
#g##.....###.#.##.#
#.#####..###.#.##.#
#####g#####......#.##.#
#.....g.g.##.#####.##.#
#.#######g##.# ##...#.#
##### #.# #.##.# #......#
##.... #.#
#.##.###....########...##
#.#
#......g@.........^.(....
#.#
#.########.#######.#...#.
#.# #.# #.# #.#####.
#.#######.# #.# #.# #.
#.........# #.# #.# #.
########### #.# #.# ##
#.#######.# #.........#
###########


You could see a gnoll.

Vanquished Creatures
  Pikel (D:4)
  Psyche (D:8)
  Grinder (D:3)
  Prince Ribbit (D:8)
  A spriggan (D:7)
  A steam dragon (D:8)
  Grum (D:8)
  2 hippogriffs
  4 wolves (D:8)
  A manticore (D:8)
  Menkaure (D:5)
  A wyvern skeleton (D:8)
  A troll zombie (D:8)
  2 ice beasts
  A sky beast (D:7)
  4 slaves (D:4)
  3 ogres
  A phantom (D:4)
  A crocodile (D:8)
  3 centaurs
  A big kobold (D:4)
  Duvessa (D:4)
  A water moccasin (D:8)
  6 giant frogs
  A giant frog skeleton (D:6)
  3 killer bees (D:8)
  2 crimson imps (D:8)
  A goliath beetle (D:6)
  Dowan (D:4)
  An ogre skeleton (D:7)
  An orc priest (D:4)
  3 worker ants
  A worker ant zombie (D:6)
  7 iguanas
  2 orc wizards
  2 scorpions
  A jelly (D:8)
  4 gnolls (D:8)
  8 adders
  2 giant mites
  An adder skeleton (D:4)
  3 worms
  An iguana skeleton (D:7)
  A bat skeleton (D:4)
  A bat zombie (D:6)
  2 giant eyeballs
  5 giant geckos
  3 oozes
  13 orcs
  3 ball pythons (D:1)
  11 bats
  9 giant cockroaches
  12 hobgoblins
  3 jackals (D:7)
  4 quokkas
  A giant gecko skeleton (D:4)
  3 giant newts
  18 goblins
  16 kobolds
  A kobold skeleton (D:5)
  A quokka skeleton (D:7)
  12 rats
  A rat skeleton (D:6)
206 creatures vanquished.

Vanquished Creatures (others)
  An orc wizard (D:4)
  2 kobolds (D:6)
  A rat (D:8)
4 creatures vanquished.

Grand Total: 210 creatures vanquished

Notes
Turn   | Place    | Note
--------------------------------------------------------------
     0 | D:1      | Grabo, the Lava Orc Berserker, began the quest for the Orb.
     0 | D:1      | Reached XP level 1. HP: 19/19 MP: 0/0
    47 | D:1      | Reached skill level 4 in Axes
    95 | D:1      | Reached XP level 2. HP: 16/26 MP: 1/1
   340 | D:1      | Acquired Trog's second power
   416 | D:1      | Reached skill level 5 in Axes
   514 | D:2      | Reached XP level 3. HP: 31/33 MP: 2/2
   570 | D:2      | Found a radiant altar of Vehumet.
  1132 | D:3      | Noticed Grinder
  1156 | D:3      | Paralysed by Grinder for 7 turns
  1157 | D:3      | Killed Grinder
  1157 | D:3      | Reached skill level 8 in Axes
  1157 | D:3      | Reached XP level 4. HP: 13/39 MP: 3/3
  1157 | D:3      | Reached XP level 5. HP: 15/46 MP: 4/4
  1157 | D:3      | Reached XP level 6. HP: 16/52 MP: 5/5
  2009 | D:4      | Acquired Trog's third power
  2038 | D:4      | Reached skill level 9 in Axes
  2108 | D:4      | Found Phogud's Assorted Antiques.
  2119 | D:4      | Bought a scroll labeled FYTUNEAKKI for 18 gold pieces
  2119 | D:4      | Bought a fuming black potion for 16 gold pieces
  2119 | D:4      | Bought an emulsified purple potion for 16 gold pieces
  2119 | D:4      | Bought a scroll labeled CLACASTR UGRUO for 18 gold pieces
  2119 | D:4      | Bought a scroll of identify for 36 gold pieces
  2119 | D:4      | Bought a scroll labeled VEGUWO NUEQAIV for 18 gold pieces
  2126 | D:4      | Noticed Duvessa
  2126 | D:4      | Noticed Dowan
  2140 | D:4      | Killed Duvessa
  2146 | D:4      | Killed Dowan
  2146 | D:4      | Reached XP level 7. HP: 17/59 MP: 6/6
  2281 | D:4      | Noticed Pikel
  2293 | D:4      | Killed Pikel
  2293 | D:4      | Reached skill level 11 in Axes
  2293 | D:4      | Reached XP level 8. HP: 52/66 MP: 7/7
  2471 | D:4      | Paralysed by a giant eyeball for 4 turns
  2709 | D:4      | Found a deep blue altar of Sif Muna.
  2749 | D:5      | Entered Level 5 of the Dungeon
  2894 | D:5      | Found a blossoming altar of Fedhas.
  2903 | D:5      | Noticed Menkaure
  2909 | D:5      | Killed Menkaure
  3023 | D:5      | Got a heavily runed scale mail
  3024 | D:5      | Identified the cursed +0 scale mail of a volcano {Str+4 Stlth+} (You found it on level 5 of the Dungeon)
  3087 | D:5      | Found a snail-covered altar of Cheibriados.
  3262 | D:5      | Reached skill level 5 in Fighting
  3843 | D:6      | Reached skill level 12 in Axes
  4123 | D:6      | Got a distressingly furry leather armour
  4124 | D:6      | Identified the cursed +0 leather armour "Oleiwuwkeo" {rPois} (You found it on level 6 of the Dungeon)
  4326 | D:7      | Found a staircase to the Ecumenical Temple.
  4352 | D:7      | Reached XP level 9. HP: 70/74 MP: 8/8
  4365 | D:7      | Noticed a spriggan baker
  4376 | D:7      | Killed a spriggan baker
  4477 | D:7      | Found a white marble altar of Elyvilon.
  4482 | D:7      | Found a sparkling altar of Nemelex Xobeh.
  4742 | D:7      | Reached skill level 13 in Axes
  4744 | D:7      | Found Thesseli's Gadget Shoppe.
  5194 | D:8      | Found a glowing silver altar of Zin.
  5347 | D:8      | Noticed Psyche
  5347 | D:8      | Noticed Prince Ribbit
  5362 | D:8      | Killed Psyche
  5362 | D:8      | Reached XP level 10. HP: 53/86 MP: 9/9
  5370 | D:8      | Killed Prince Ribbit
  5370 | D:8      | Reached skill level 14 in Axes
  5452 | D:8      | Received a gift from Trog
  5514 | D:8      | Found a staircase to the Lair.
  5674 | D:8      | Noticed Grum
  5683 | D:8      | Reached skill level 10 in Fighting
  5688 | D:8      | Killed Grum
  5969 | D:8      | Slain by a gnoll

Action                   |  1- 3 |  4- 6 |  7- 9 | 10-12 || total
-------------------------+-------+-------+-------+-------++-------
Melee: Hand axe          |   120 |    65 |   362 |    10 ||   557
       Battleaxe         |       |       |       |    51 ||    51
Invok: Trog's Hand       |     1 |       |     2 |     1 ||     4
       Burn Spellbooks   |       |     1 |     2 |     1 ||     4
       Berserk           |       |     1 |     1 |       ||     2
Evoke: Wand              |       |       |     2 |     1 ||     3
  Use: Scroll            |     4 |     7 |    11 |       ||    22
       Potion            |       |     1 |       |     1 ||     2
 Stab: Distracted        |       |       |     1 |       ||     1
